 Dungeon Crawl Stone Soup version 0.29.1-12-g30fa7ad0bf (webtiles) character file.

Game seed: 5473671052125118871

634 wormed the Cudgeller (level 7, -2/82 HPs)
             Began as a Demonspawn Fighter on Dec 22, 2022.
             Slain by Duvessa
             ... wielding a +0 short sword
              (6 damage)
             ... on level 4 of the Dungeon.
             The game lasted 00:04:12 (2796 turns).

wormed the Cudgeller (Demonspawn Fighter)           Turns: 2796, Time: 00:04:12

Health: -2/82      AC: 23    Str: 18    XL:     7   Next: 24%
Magic:  7/7        EV:  2    Int: 10    God:
Gold:   162        SH:  5    Dex: 12    Spells: 6/6 levels left

rFire   + . .      SeeInvis .   a - +0 flail
rCold   . . .      Faith    .   c - +0 buckler
rNeg    . . .      Spirit   .   (body armour currently unavailable)
rPois   +          Reflect  .   (helmet currently unavailable)
rElec   .          Harm     .   (cloak currently unavailable)
rCorr   .          Rampage  .   (gloves currently unavailable)
Will    .....      NoTele   +   (boots currently unavailable)
Stlth   +.........              (no amulet)
HPRegen 0.23/turn               e - ring of poison resistance
MPRegen 0.10/turn               i - ring of protection from fire

@: tree-form, hasted, very quick
A: stationary, stasis, torment immunity, boosted hp, (hooves 2), (spiny 2)
a: no special abilities


You were on level 4 of the Dungeon.
You were a tree.
You visited 1 branch of the dungeon, and saw 4 of its levels.

You collected 162 gold pieces.

Inventory:

Hand Weapons
 a - a +0 flail (weapon)
Armour
 c - a +0 buckler (worn)
 o - a +2 pair of boots (melded)
 p - a +0 chain mail (melded)
 q - a +0 helmet (melded)
 t - a +0 cloak (melded)
Jewellery
 e - a ring of poison resistance (left branch)
 f - a +6 ring of intelligence
 i - a ring of protection from fire (right branch)
Wands
 r - a wand of mindburst (7)
Scrolls
 b - a scroll of fog {unknown}
 g - 2 scrolls of identify {unknown}
 h - a scroll of immolation {unknown}
 k - 4 scrolls of teleportation {unknown}
 l - a scroll of fear {unknown}
 n - 2 scrolls of blinking {unknown}
 s - 2 scrolls of magic mapping {unknown}
 u - a scroll of amnesia {unknown}
Potions
 d - 2 potions of might
 j - a potion of haste
 m - 2 potions of lignification


   Skills:
 + Level 4.5 Fighting
 * Level 4.9 Maces & Flails
 + Level 4.1 Armour
 + Level 4.1 Shields


You had 6 spell levels left.
You didn't know any spells.
Your spell library contained the following spells:

 Spells                   Type           Power      Damage    Failure   Level
 Beastly Appendage        Tmut           0%         N/A       43%         1
 Magic Dart               Conj           0%         1d3       43%         1
 Call Imp                 Summ           0%         N/A       58%         2
 Ensorcelled Hibernation  Hex/Ice        0%         N/A       58%         2
 Passwall                 Tmut/Erth      0%         N/A       58%         2
 Searing Ray              Conj           0%         2d4       58%         2
 Wereblood                Tmut           0%         N/A       58%         2
 Lesser Beckoning         Tloc           0%         N/A       82%         3
 Spider Form              Tmut/Pois      0%         N/A       82%         3
 Swiftness                Air            0%         N/A       82%         3
 Fulminant Prism          Conj/Hex       0%         3d6       99%         4
 Passage of Golubria      Tloc           0%         N/A       99%         4
 Summon Lightning Spire   Summ/Air       0%         N/A       99%         4
 Manifold Assault         Tloc           0%         N/A       100%        5


Dungeon Overview and Level Annotations

Branches:
Dungeon (4/15)
 Temple: D:4-7

Altars:
Ashenzari
Uskayaw

Annotations:
D:4 Duvessa


Innate Abilities, Weirdness & Mutations

You are a tree.
Your roots penetrate the ground, keeping you stationary.
You cannot be teleported.
You are immune to unholy pain and torment.
Your maximum health is greatly increased.
Your equipment is partially melded.
((You have hoof-like feet.))
((You are mostly covered in sharp spines.))


Message History

You are too injured to fight recklessly!
You are too injured to fight recklessly!
You are too injured to fight recklessly!
You are too injured to fight recklessly!
You are too injured to fight recklessly!
You are too injured to fight recklessly!
You are too injured to fight recklessly!
You are too injured to fight recklessly!
You sock Duvessa!
Duvessa is heavily wounded.
You block Duvessa's attack. Duvessa is struck by your spines.
Duvessa hits you with a +0 short sword.
You closely miss Duvessa.
Duvessa is severely wounded.
Duvessa completely misses you. Duvessa hits you with a +0 short sword!
* * * LOW HITPOINT WARNING * * *
You hit Duvessa but do no damage.
Duvessa is severely wounded.
Duvessa hits you with a +0 short sword.
* * * LOW HITPOINT WARNING * * *
Duvessa is struck by your spines. Duvessa hits you but does no damage.
It was a potion of lignification.
You turn into a tree.
Your +0 cloak melds into your body.
Your +0 helmet melds into your body.
Your +2 pair of boots melds into your body.
Your +0 chain mail melds into your body.
Your roots penetrate the ground.
Duvessa hits you but does no damage.
You hit Duvessa but do no damage.
Duvessa is almost dead.
Duvessa hits you but does no damage. x2
You closely miss Duvessa.
Duvessa is almost dead.
Duvessa hits you with a +0 short sword!
* * * LOW HITPOINT WARNING * * *
Duvessa hits you but does no damage.
It was a potion of haste.
You feel yourself speed up. Duvessa hits you but does no damage.
You hit Duvessa.
Duvessa is almost dead.
Duvessa hits you with a +0 short sword.
You die...

#...................
#$................##
#.$..........#......
#............#.)...#
#............#..####
#.......##...#..###
#........##.......#
#......#.#...#.....
#.)♣.......#†#.##..
#.e.....##.#.#.# >
......######.#..
......#.# #.#..#
........# #.....
......### .......
..... ....<.. .....
....


You could see Duvessa (berserk).

Vanquished Creatures
  Sigmund (D:3)
  A black bear (D:4)
  A scorpion (D:3)
  Dowan (D:4)
  A gnoll bouda (D:4)
  Crazy Yiuf (D:3)
  Ijyb (D:3)
  An iguana (D:4)
  6 gnolls
  4 adders
  5 ball pythons
  A bat (D:2)
  7 endoplasms
  5 giant cockroaches
  6 goblins
  7 hobgoblins
  3 jackals (D:4)
  3 quokkas
  3 frilled lizards
  2 kobolds
  19 rats
79 creatures vanquished.

Notes
Turn   | Place    | Note
-------+----------+-------------------------------------------
     0 | D:1      | wormed the Demonspawn Fighter began the quest for the Orb.
     0 | D:1      | Reached XP level 1. HP: 18/18 MP: 1/1
   204 | D:1      | Gained mutation: You are partially covered in sharp spines.
                  | [demonic ancestry]
   204 | D:1      | Reached XP level 2. HP: 14/24 MP: 2/2
   332 | D:1      | You fall into a shaft and drop 1 floor!
   877 | D:2      | Gained mutation: You have large cloven feet. [demonic
                  | ancestry]
   877 | D:2      | Reached XP level 3. HP: 26/29 MP: 3/3
  1139 | D:2      | Gained mutation: You have hoof-like feet. [demonic
                  | ancestry]
  1139 | D:2      | Reached XP level 4. HP: 29/35 MP: 4/4
  1205 | D:2      | Found a faded altar of an unknown god.
  1409 | D:3      | Noticed a scorpion
  1414 | D:3      | Killed a scorpion
  1420 | D:3      | Gained mutation: You are mostly covered in sharp spines.
                  | [demonic ancestry]
  1420 | D:3      | Reached XP level 5. HP: 42/42 MP: 5/5
  1420 | D:3      | Noticed Sigmund
  1430 | D:3      | Killed Sigmund
  1431 | D:3      | Reached XP level 6. HP: 40/48 MP: 6/6
  1734 | D:3      | Noticed Ijyb
  1746 | D:3      | Killed Ijyb
  1951 | D:3      | Found a broken altar of Ashenzari.
  2062 | D:3      | Identified the +1 robe "Peluidgh" {rN+}
  2091 | D:3      | Got the Guidebook on Illusion and the Voyage
  2105 | D:3      | Found a runed translucent door.
  2106 | D:3      | Noticed Crazy Yiuf
  2170 | D:3      | Killed Crazy Yiuf
  2674 | D:4      | Reached XP level 7. HP: 44/55 MP: 7/7
  2765 | D:4      | Found a hide-covered altar of Uskayaw.
  2779 | D:4      | Noticed Duvessa
  2779 | D:4      | Noticed Dowan
  2785 | D:4      | Killed Dowan
  2794 | D:4      | HP: 3/82 [Duvessa/+0 short sword (7)]
  2796 | D:4      | Slain by Duvessa

Illustrated notes

Levels and vault maps discovered:
D:1:      minmay_arrival_four_loops, layout_rooms
D:2:      layout_rooms, ebering_ecumenical_altar_sacrificial, basic_altar,
          minmay_tetromino_s2
D:3:      layout_basic, nicolae_ashenzari_panopticon, uniq_ijyb,
          uniq_crazy_yiuf_cottage, uniq_sigmund
D:4:      layout_rooms, amcnicky_altar_gilded,
          minmay_temple_entry_statues_pillars, minmay_rat_hole, uniq_duvessa

Skill      XL: |  1  2  3  4  5  6 |
---------------+-------------------+-----
Maces & Flails | 2 3 4 |  4.9
Armour         | 3 4 |  4.1
Shields        | 3 4 |  4.1
Fighting       | 4 |  4.5

Action                   |  1- 3 |  4- 6 |  7- 9 || total
-------------------------+-------+-------+-------++-------
Melee: Flail             |    69 |    95 |    17 ||   181
  Use: Potion            |       |       |     2 ||     2
Armor: Scale mail        |    15 |       |       ||    15
       Chain mail        |    15 |    39 |     5 ||    59
       Skin              |       |       |     5 ||     5
Dodge: Dodged            |    24 |    32 |     3 ||    59
Block: Buckler           |    17 |    34 |     2 ||    53
